 Seeded DCSS version 0.29.1-15-g9cfb28693d (webtiles) character file.

Game seed: 11584373807180175657 (custom seed)

51 Mickster the Cudgeller (level 3, -3/24 HPs)
             Began as a Gargoyle Berserker on Mar 2, 2023.
             Was a Believer of Trog.
             Slain by Terence
             ... wielding a +0 flail
              (6 damage)
             ... on level 2 of the Dungeon.
             The game lasted 00:11:03 (1541 turns).

Mickster the Cudgeller (Gargoyle Berserker)         Turns: 1541, Time: 00:11:04

Health: -3/24      AC:  7    Str: 22    XL:     3   Next: 81%
Magic:  3/3        EV: 11    Int:  7    God:    Trog [**....]
Gold:   76         SH:  0    Dex:  9    Spells: 2/2 levels left

rFire   . . .      SeeInvis .   a - +0 mace
rCold   . . .      Faith    .   (no shield)
rNeg    + . .      Spirit   .   c - +0 leather armour
rPois   ∞          Reflect  .   (no helmet)
rElec   +          Harm     .   (no cloak)
rCorr   .          Rampage  .   (no gloves)
Will    .....                   d - +0 pair of boots
Stlth   +.........              (no amulet)
HPRegen 0.08/turn               (no ring)
MPRegen 0.08/turn               (no ring)

@: no status effects
A: sickness immunity, AC +3, negative energy resistance 1, electricity
resistance, torment resistance 1, petrification resistance
a: Renounce Religion, Berserk, Trog's Hand


You were on level 2 of the Dungeon.
You worshipped Trog.
Trog was pleased with you.
You visited 1 branch of the dungeon, and saw 2 of its levels.

You collected 76 gold pieces.

Inventory:

Hand Weapons
 a - a +0 mace (weapon)
 e - a +0 spear
 h - a +0 hand axe
 l - a +0 sling
Missiles
 g - 2 stones (quivered)
Armour
 b - a +0 animal skin
 c - a +0 leather armour (worn)
 d - a +0 pair of boots (worn)
 i - a +0 leather armour
Scrolls
 f - a scroll of teleportation
Potions
 j - a potion of curing {unknown}
 k - a potion of cancellation {unknown}


   Skills:
 + Level 3.7 Fighting
 * Level 4.0 Maces & Flails
 + Level 2.3 Armour
 + Level 1.9 Dodging
 + Level 0.3 Stealth


You had 2 spell levels left.
You didn't know any spells.
Your spell library was empty.

Dungeon Overview and Level Annotations

Branches:
Dungeon (2/15)

Altars:

Annotations:
D:2 Terence


Innate Abilities, Weirdness & Mutations

You are immune to sickness and miasma.
Your stone body is resilient. (AC +3)
You are immune to poison.
You resist negative energy. (rN+)
You are resistant to electric shocks. (rElec)
You are resistant to unholy torment.
You are immune to petrification.


Message History

You see here a +0 whip.
There is a stone staircase leading down here.
An adder comes into view.
The adder hisses angrily.
The adder bites you but does no damage.
You closely miss the adder. The adder bites you.
The adder bites you but does no damage.
You thump the adder!
The adder is heavily wounded.
The adder bites you but does no damage.
You miss the adder.
The adder is heavily wounded.
The adder bites you but does no damage. The adder barely misses you.
You barely miss the adder.
The adder is heavily wounded.
The adder bites you but does no damage.
You hit the adder.
The adder is severely wounded.
The adder closely misses you. The adder bites you but does no damage.
You hit the adder.
You kill the adder!
Trog accepts your kill.
Your Maces & Flails skill increases to level 4!
You see here an adder corpse.
Terence the Incautious comes into view.
He is wielding a +0 flail.
Terence shouts!
Terence drinks a potion.
Terence seems to speed up.
You hit Terence.
Terence is lightly wounded.
Terence hits you with a +0 flail! Terence looks scornfully at you.
Terence hits you with a +0 flail!
* * * LOW HITPOINT WARNING * * *
You thump Terence!
Terence is heavily wounded.
Terence misses you. x2
You barely miss Terence.
Terence is heavily wounded.
Terence hits you with a +0 flail.
You die...

...... ..#.# ## #
#.#.# . #. #...# .#
#..##...###.#####
#................ #.
#...#.#......
#..##....@.......
#.......#@#...... ##
###..##...#.# ##.##
.. ..........#.#
#.####.###...#.#
...#.# #†..#.###
#.#.###........
######..>...........
.)..................


You could see Terence (fast).

Vanquished Creatures
  An adder (D:2)
  A worm (D:2)
  7 bats
  5 endoplasms
  4 goblins (D:1)
  4 hobgoblins (D:1)
  2 quokkas
  2 ball pythons (D:1)
  2 frilled lizards (D:1)
  4 kobolds
  2 rats
34 creatures vanquished.

Notes
Turn   | Place    | Note
-------+----------+-------------------------------------------
     0 | D:1      | Mickster the Gargoyle Berserker began the quest for the
                  | Orb.
     0 | D:1      | Reached XP level 1. HP: 14/14 MP: 1/1
    90 | D:1      | Found a faded altar of an unknown god.
   239 | D:1      | Reached XP level 2. HP: 18/19 MP: 2/2
   533 | D:1      | Reached ** piety under Trog
   876 | D:1      | Reached XP level 3. HP: 20/23 MP: 3/3
  1527 | D:2      | Reached skill level 4 in Maces & Flails
  1535 | D:2      | Noticed Terence
  1541 | D:2      | Slain by Terence

Illustrated notes

Levels and vault maps discovered:
D:1:      co_arrival_random_square_maze, layout_loops_ring,
          hellmonk_ecumenical_altar_run_dry
D:2:      layout_basic, minmay_misc_feat_columns, serial_park_tiny_2,
          uniq_terence

Skill      XL: |  1  2  3 |
---------------+----------+-----
Maces & Flails | 4 |  4.0
Fighting       | |  3.7
Armour         | |  2.3
Dodging        | |  1.9
Stealth        | |  0.3

Action                   || total
-------------------------++-------
Melee: Mace              ||   144
       Punch             ||     1
  Use: Scroll            ||     1
Armor: Leather armour    ||   114
Dodge: Dodged            ||   137
